 Dungeon Crawl Stone Soup version 0.30-a0-743-gbfdf073431 (webtiles) character file.

Game seed: 7437309122895596708

47128 DEFE the Sage (level 14, -4/103 HPs)
             Began as a Hill Orc Necromancer on Feb 8, 2023.
             Was a High Priest of Sif Muna.
             Slain by a cane toad (16 damage)
             ... on level 4 of the Lair of Beasts.
             The game lasted 00:29:16 (20708 turns).

DEFE the Sage (Hill Orc Necromancer)               Turns: 20708, Time: 00:29:17

Health: -4/103     AC: 16    Str: 16    XL:     14   Next: 40%
Magic:  27/27      EV: 18    Int: 15    God:    Sif Muna [*****.]
Gold:   1049       SH:  0    Dex: 21    Spells: 10/17 levels left

rFire   . . .      SeeInvis +    s - +7 hand axe of Inquiry {flame, Drain rN+ Dex+4}
rCold   . . .      Faith    .    (no shield)
rNeg    + . .      Spirit   .    c - +0 acid dragon scales
rPois   .          Reflect  .    Y - +1 helmet
rElec   .          Harm     .    p - +0 cloak
rCorr   +          Rampage  .    (no gloves)
Will    +....                    z - +2 pair of boots
Stlth   ++                       T - amulet of regeneration
HPRegen 1.17/turn                u - +6 ring of dexterity
MPRegen 0.20/turn                a - ring of see invisible

@: lethally poisoned (-4 -> -5)
A: no striking features
a: Renounce Religion, Channel Magic, Forget Spell, Divine Exegesis


You were on level 4 of the Lair of Beasts.
You worshipped Sif Muna.
Sif Muna was extremely pleased with you.
You visited 2 branches of the dungeon, and saw 16 of its levels.
You also visited: Sewer.

You collected 1049 gold pieces.

Inventory:

Hand Weapons
 s - the +7 hand axe of Inquiry (weapon) {flame, Drain rN+ Dex+4}
   (You found it on level 3 of the Dungeon)

   Dex:       It affects your dexterity (+4).
   rN:        It protects you from negative energy.
   Drain:     It drains your maximum health when unequipped.
 y - the +8 whip "Snakebite" {venom, curare, rPois}
   (You found it on level 3 of the Lair of Beasts)

   rPois:     It protects you from poison.
 N - a +4 war axe
 U - a +3 battleaxe
Missiles
 r - 3 throwing nets
Armour
 c - +0 acid dragon scales (worn)
 g - a +0 ring mail of poison resistance
 p - a +0 cloak (worn)
 z - a +2 pair of boots (worn)
 P - a +0 troll leather armour
 Y - a +1 helmet (worn)
 Z - a +0 buckler
Jewellery
 a - a ring of see invisible (right hand)
 l - a ring of fire
 u - a +6 ring of dexterity (left hand)
 H - a ring of positive energy
 K - an amulet of magic regeneration
 M - a ring of positive energy
 R - a ring of positive energy
 T - an amulet of regeneration (around neck)
Wands
 f - a wand of digging (8)
 B - a wand of iceblast (8)
 C - a wand of paralysis (19)
 V - a wand of flame (14)
Scrolls
 e - 4 scrolls of noise
 i - 4 scrolls of teleportation
 t - 7 scrolls of poison
 w - 6 scrolls of enchant weapon
 D - 3 scrolls of amnesia
 E - a scroll of brand weapon
 F - 4 scrolls of vulnerability
 G - 5 scrolls of magic mapping
 O - 5 scrolls of enchant armour
 S - 3 scrolls of fog
 X - a scroll of identify
Potions
 b - 3 potions of magic
 d - 4 potions of haste
 h - 5 potions of invisibility
 j - 10 potions of curing
 k - 5 potions of brilliance
 n - 6 potions of flight
 o - 3 potions of resistance {unknown}
 q - 2 potions of might {unknown}
 v - 4 potions of heal wounds {unknown}
 x - a potion of cancellation {unknown}
 A - 4 potions of lignification {unknown}
 J - 2 potions of ambrosia {unknown}
 L - 5 potions of mutation {unknown}
 Q - a potion of berserk rage {unknown}
 W - a potion of attraction


   Skills:
 - Level 3.7 Fighting
 - Level 16.0 Axes
 - Level 10.0 Armour
 - Level 10.0 Dodging
 - Level 2.2 Stealth
 - Level 2.4 Spellcasting
 + Level 5.9 Necromancy
 + Level 18.4 Invocations


You had 10 spell levels left.
You knew the following spells:

 Your Spells              Type           Power      Damage    Failure   Level
a - Necrotise             Necr           76%        1d7       2%          1
b - Death Channel         Necr           9%         N/A       98%         6

Your spell library contained the following spells:

 Spells                   Type           Power      Damage    Failure   Level
 Vampiric Draining        Necr           19%        2d7       7%          3
 Cigotuvi's Dreadful Rot  Necr/Pois/Air  14%        N/A       19%         2
 Animate Dead             Necr           19%        N/A       22%         4
 Dispel Undead            Necr           19%        3d11      22%         4
 Magic Dart               Conj           4%         1d3       26%         1
 Sandblast                Erth           2%         2d4       26%         1
 Slow                     Hex            4%         N/A       26%         1
 Ensorcelled Hibernation  Hex/Ice        2%         N/A       38%         2
 Passwall                 Tmut/Erth      0%         N/A       38%         2
 Poisonous Vapours        Pois/Air       2%         N/A       38%         2
 Scorch                   Fire           2%         2d5       38%         2
 Searing Ray              Conj           2%         2d4       38%         2
 Agony                    Necr           19%        N/A       54%         5
 Confusing Touch          Hex            1%         N/A       63%         3
 Ignite Poison            Fire/Tmut/Pois 1%         N/A       63%         3
 Swiftness                Air            1%         N/A       63%         3
 Vhi's Electric Charge    Tloc/Air       2%         N/A       63%         3
 Borgnjor's Vile Clutch   Necr/Erth      5%         N/A       91%         5
 Animate Armour           Summ/Erth      2%         N/A       95%         4
 Flame Wave               Conj/Fire      1%         2d4       95%         4
 Fulminant Prism          Conj/Hex       0%         3d5       95%         4
 Leda's Liquefaction      Hex/Erth       0%         N/A       95%         4
 Sticky Flame             Conj/Fire      1%         2d3       95%         4
 Blade Hands              Tmut           0%         N/A       100%        5
 Lee's Rapid Deconstruct  Erth           0%         3d4*      100%        5
 Iron Shot                Conj/Erth      0%         9d1       100%        6
 Statue Form              Tmut/Erth      0%         N/A       100%        6
 Summon Cactus Giant      Summ           0%         N/A       100%        6
 Ignition                 Fire           0%         3d3       100%        8


Dungeon Overview and Level Annotations

Branches:
Dungeon (12/15)            Temple (0/1) D:7            Lair (4/5) D:8
  Swamp (0/4) Lair:2       Spider (0/4) Lair:2          Orc (0/2) D:10
  Sewer (visited)
  Slime: Lair:4-5

Altars:
Ashenzari
Dithmenos
Fedhas
Gozag
Nemelex Xobeh
Okawaru
Sif Muna
Xom

Annotations:
D:11 3 runed translucent doors, P0WERM0DE's ghost, novice OpCj
Lair:1 4 exclusions
Lair:2 3 runed translucent doors, Echos's ghost, journeyman FoFi; Kuef's ghost, journeyman MiFi


Message History

Unknown command.
You are too injured to fight recklessly!
You are too injured to fight recklessly!
Unknown command.
Okay, then.
You slash the spriggan! You burn the spriggan.
You feel sick.
Unknown command.
You hit the spriggan. You burn the spriggan.
You kill the spriggan!
Sif Muna accepts your kill.
You feel sick. The spriggan rider misses you.
You take 1 damage, and have 50/103 hp.
Unknown command.
You barely miss the boggart.
You feel sick.
A boggart comes into view.
The boggart closely misses you.
You barely miss the boggart.
The spriggan rider hits you from afar with a +0 spear!!
* * * LOW HITPOINT WARNING * * *
The boggart hits you but does no damage.
You take 20 damage, and have 30/103 hp.
Unknown command.
Unknown command.
You hit the boggart. You burn the boggart.
You kill the boggart!
Sif Muna accepts your kill.
You feel sick.
The spriggan rider hits you from afar with a +0 spear!!
* * * LOW HITPOINT WARNING * * *
You take 19 damage, and have 11/103 hp.
Unknown command.
Unknown command.
Okay, then.
Okay, then.
As you read the scroll of fear, it crumbles to dust.
You assume a fearsome visage.
The spriggan rider looks frightened!
The bullfrog looks frightened!
The boggart looks frightened!
The cane toad resists with some effort.
The cane toad looks frightened!
You feel sick. The cane toad stings you!
You die...

♣.♣♣
♣♣.♣♣.♣..♣♣
# ♣♣.♣
♣♣...♣♣..♣
# ♣.♣♣
♣♣♣♣♣♣♣.♣♣
# ♣♣.♣
♣..♣♣ #
♣.♣♣ ♣♣♣.♣
# ♣♣.♣ ♣.♣
♣.♣♣ ♣ ♣.♣♣
♣♣.♣♣.♣
♣♣)♣ ♣♣@FF♣
♣.♣ ♣♣♣iF.♣
♣.♣♣ ..)♣
♣♣.♣♣ g.♣
♣..♣ .♣
♣♣>♣ ♣ ♣♣♣


You could see a spriggan rider (fleeing, corroded), 2 cane toads, a bullfrog
(fleeing, corroded) and a boggart (fleeing).

Vanquished Creatures
  Harold (Lair:1)
  A ghost crab (Lair:2)
  A hydra (Lair:4)
  A catoblepas (Lair:1)
  An ogre mage (D:11)
  Erica (Lair:2)
  A boulder beetle (Lair:3)
  7 two-headed ogres
  A pharaoh ant (Lair:2)
  A spectral catoblepas (Lair:2)
  2 spectral hydras (Lair:2)
  A deep elf pyromancer (D:7)
  A manticore (D:11)
  A cyclops (D:5)
  12 elephants
  Maurice (D:11)
  An eye of devastation (Lair:4)
  9 black mambas
  3 gargoyles (D:12)
  3 rime drakes
  6 cane toads
  Psyche (D:10)
  7 komodo dragons
  3 hornets
  3 trolls
  A tarantella (Lair:2)
  A spectral elephant (Lair:2)
  23 blink frogs
  A jumping spider (Lair:2)
  7 wyverns
  A vampire (D:9)
  2 wraiths
  9 spriggans (Lair:4)
  34 yaks
  2 steam dragons
  5 basilisks (Lair:3)
  A spectral cane toad (Lair:2)
  An acid dragon (D:11)
  16 water moccasins
  A floating eye (Lair:4)
  A spectral yak (Lair:2)
  2 orc warriors
  3 black bears
  3 ice beasts
  8 wolves
  2 ogres (D:11)
  2 boggarts (Lair:4)
  2 centaurs (D:9)
  A phantom (D:4)
  2 kobold brigands
  10 bullfrogs
  3 necrophages
  A scorpion (D:5)
  23 wights
  3 killer bees (D:11)
  4 howler monkeys
  7 electric eels
  3 lava snakes (Lair:1)
  6 jellies
  6 orc priests
  3 iguanas
  14 orc wizards
  14 adders
  3 river rats
  A shadow imp (D:7)
  2 ufetubi
  6 worms
  A dart slug (D:1)
  37 orcs
  9 ball pythons
  18 endoplasms
  6 giant cockroaches
  10 goblins
  7 hobgoblins
  3 jackals (D:2)
  22 kobolds
  3 quokkas
  5 bats
  4 frilled lizards
  10 rats
445 creatures vanquished.

Vanquished Creatures (collateral kills)
  A dart slug (D:2)
1 creature vanquished.

Vanquished Creatures (others)
  A giant cockroach (D:3)
  2 goblins (D:3)
  A jackal (D:3)
  A frilled lizard (D:3)
  2 rats (D:3)
  25 fungi
  43 plants
  7 toadstools (D:4)
82 creatures vanquished.

Grand Total: 528 creatures vanquished

Notes
Turn   | Place    | Note
-------+----------+-------------------------------------------
     0 | D:1      | DEFE the Hill Orc Necromancer began the quest for the Orb.
     0 | D:1      | Reached XP level 1. HP: 14/14 MP: 3/3
   365 | D:1      | Reached XP level 2. HP: 20/20 MP: 0/4
  1323 | D:2      | Reached XP level 3. HP: 26/26 MP: 2/5
  2377 | D:2      | Reached XP level 4. HP: 33/33 MP: 4/7
  2385 | D:2      | Reached skill level 1 in Fighting
  2651 | D:3      | Reached XP level 5. HP: 41/41 MP: 5/8
  2875 | D:3      | Identified the +7 hand axe of Inquiry {flame, Drain rN+
                  | Dex+4}
  2900 | D:3      | Found a shimmering altar of Xom.
  2942 | D:3      | Found a shimmering blue altar of Sif Muna.
  2953 | D:3      | Became a worshipper of Sif Muna the Loreminder
  3420 | D:3      | Found a shadowy altar of Dithmenos.
  3728 | D:4      | Reached skill level 1 in Axes
  3804 | D:4      | Reached * piety under Sif Muna
  3892 | D:4      | Reached XP level 6. HP: 49/51 MP: 9/9
  3912 | D:4      | Found a glowing drain.
  3921 | Sewer    | Entered a sewer
  4443 | Sewer    | Found a viscous altar of Jiyva.
  4814 | D:4      | Reached skill level 5 in Axes
  5038 | D:4      | Reached ** piety under Sif Muna
  5129 | D:4      | Reached XP level 7. HP: 58/58 MP: 10/10
  5456 | D:5      | Entered Level 5 of the Dungeon
  5981 | D:5      | Reached XP level 8. HP: 66/66 MP: 11/11
  6279 | D:6      | Noticed a cyclops
  6287 | D:5      | Killed a cyclops
  6288 | D:5      | Reached skill level 10 in Axes
  7068 | D:6      | Found the Hermit's Pendant {Faith Invo=14 Evo=0 MP+5}
  7284 | D:6      | Reached XP level 9. HP: 62/71 MP: 12/12
  7534 | D:6      | Found a sparkling altar of Nemelex Xobeh.
  7534 | D:6      | Found a broken altar of Ashenzari.
  7835 | D:7      | Found a blossoming altar of Fedhas.
  7838 | D:7      | Reached *** piety under Sif Muna
  8407 | D:7      | Found a staircase to the Ecumenical Temple.
  8559 | D:7      | Noticed a deep elf pyromancer
  8567 | D:7      | Killed a deep elf pyromancer
  9123 | D:8      | Reached skill level 1 in Invocations
  9210 | D:8      | Reached skill level 2 in Invocations
  9278 | D:8      | Reached skill level 15 in Axes
  9282 | D:8      | Reached skill level 3 in Invocations
  9387 | D:8      | Found an opulent altar of Gozag.
  9387 | D:8      | Found an iron altar of Okawaru.
  9671 | D:8      | Found a staircase to the Lair.
  9698 | D:8      | Reached skill level 4 in Invocations
  9698 | D:8      | Reached XP level 10. HP: 58/78 MP: 13/13
  9919 | D:9      | Reached **** piety under Sif Muna
  9929 | D:9      | Reached skill level 5 in Invocations
 10302 | D:9      | Reached skill level 6 in Invocations
 10324 | D:9      | Reached skill level 7 in Invocations
 10332 | D:9      | Reached skill level 8 in Invocations
 10346 | D:9      | Reached skill level 9 in Invocations
 10422 | D:9      | Reached skill level 10 in Invocations
 10925 | D:9      | Reached skill level 1 in Armour
 11021 | D:9      | Reached XP level 11. HP: 83/83 MP: 19/19
 11059 | D:10     | Entered Level 10 of the Dungeon
 11059 | D:10     | Noticed a two-headed ogre
 11069 | D:10     | Killed a two-headed ogre
 11070 | D:10     | Reached skill level 11 in Invocations
 11093 | D:10     | Identified the +0 leather armour of Trial and Error {Will-
                  | Str+8 Int+7 Dex-2}
 11222 | D:10     | Noticed Psyche
 11242 | D:10     | Killed Psyche
 11334 | D:10     | Noticed a sea snake
 11473 | D:10     | Noticed a sea snake
 11710 | D:10     | Noticed a two-headed ogre
 11721 | D:10     | Killed a two-headed ogre
 11808 | D:10     | Found a staircase to the Orcish Mines.
 11915 | D:10     | Noticed a sea snake
 12241 | D:11     | Reached skill level 12 in Invocations
 12280 | D:11     | Reached skill level 5 in Armour
 12336 | D:11     | Noticed a two-headed ogre
 12336 | D:11     | Noticed a two-headed ogre
 12337 | D:11     | Noticed a two-headed ogre
 12411 | D:11     | Killed a two-headed ogre
 12588 | D:11     | Killed a two-headed ogre
 12631 | D:11     | Found a runed translucent gate.
 12632 | D:11     | Found a runed translucent gate.
 12632 | D:11     | Found a runed translucent gate.
 12637 | D:11     | Noticed P0WERM0DE's ghost (novice OpCj)
 12720 | D:11     | Reached skill level 5 in Dodging
 12765 | D:11     | Noticed a manticore
 12871 | D:11     | Killed a manticore
 13101 | D:11     | You fall into a shaft and drop 1 floor!
 13141 | D:12     | Noticed a two-headed ogre
 13198 | D:12     | Killed a two-headed ogre
 13199 | D:12     | Reached XP level 12. HP: 91/91 MP: 21/21
 13408 | D:12     | Reached skill level 13 in Invocations
 13828 | D:11     | Noticed Maurice
 13838 | D:11     | Killed Maurice
 14018 | D:11     | Noticed an ogre mage
 14020 | D:11     | Noticed a two-headed ogre
 14037 | D:11     | Killed a two-headed ogre
 14040 | D:11     | Killed a two-headed ogre
 14045 | D:11     | Killed an ogre mage
 14413 | Lair:1   | Entered Level 1 of the Lair of Beasts
 14503 | Lair:1   | Learned a level 6 spell: Death Channel
 14695 | Lair:1   | Reached ***** piety under Sif Muna
 14734 | Lair:1   | Reached skill level 14 in Invocations
 14788 | Lair:1   | Noticed a catoblepas
 14892 | Lair:1   | Killed a catoblepas
 14981 | Lair:1   | Noticed Harold
 15004 | Lair:1   | Killed Harold
 15968 | Lair:2   | Received a gift from Sif Muna
 15969 | Lair:2   | Got Puijiph's Cyclopedia of Breccia and Aeromancy {god
                  | gift}
 16122 | Lair:2   | Reached XP level 13. HP: 94/96 MP: 24/24
 16497 | Lair:2   | Found a staircase to the Swamp.
 16665 | Lair:2   | Noticed Erica
 16676 | Lair:2   | Killed Erica
 16677 | Lair:2   | Reached skill level 15 in Invocations
 16710 | Lair:2   | Found a hole to the Spider Nest.
 16729 | Lair:2   | Found a runed translucent gate.
 16729 | Lair:2   | Found a runed translucent gate.
 16729 | Lair:2   | Found a runed translucent gate.
 17340 | Lair:2   | Noticed Kuef's ghost (journeyman MiFi)
 17340 | Lair:2   | Noticed Echos's ghost (journeyman FoFi)
 17474 | Lair:2   | Reached skill level 10 in Armour
 17783 | Lair:3   | Reached skill level 16 in Invocations
 17997 | Lair:3   | Found the +8 whip "Snakebite" {venom, curare, rPois}
 19036 | Lair:3   | Reached skill level 17 in Invocations
 19246 | Lair:3   | Reached XP level 14. HP: 103/103 MP: 26/26
 19695 | Lair:4   | Received a gift from Sif Muna
 19701 | Lair:4   | Reached skill level 10 in Dodging
 19917 | Lair:4   | Reached skill level 18 in Invocations
 19925 | Lair:4   | Paralysed by a floating eye for 4 turns
 20045 | Lair:4   | Reached skill level 5 in Necromancy
 20209 | Lair:4   | Paralysed by a hornet for 1 turns
 20708 | Lair:4   | Slain by a cane toad

Illustrated notes

Levels and vault maps discovered:
D:1:      minmay_arrival_checkered_box, layout_loops_ring
D:2:      layout_basic
D:3:      layout_basic, grunt_dithmenos_smoke, xom_confusion_cloud,
          nicolae_sif_muna_condensation, chequers_big_river
D:4:      cheibrodos_fertilizer, layout_loops_cross, lightli_sewer_entry_pipes
D:5:      layout_gridville
D:6:      layout_basic, nicolae_overflow_two_pavilions
D:7:      layout_loops_ring, mainiacjoe_overflow_alcove_2, temple_green,
          hangedman_decor_push, guppyfry_early_elven_hall
D:8:      layout_loops_ring, jmf_multi_god_temple, lair_entry_dummy
D:9:      argonaut_augean_stables, layout_irregular_city
D:10:     minmay_weird_star, layout_rooms, orc_0_dummy, serial_aquarium,
          aquarium_bridge_straight [aquarium_subvault_bridge,
          aquarium_subvault_window, aquarium_subvault_bridge,
          aquarium_subvault_window], aquarium_window_2, aquarium_window_1,
          aquarium_window_fake, aquarium_window_corridor_3, aquarium_view_2e,
          aquarium_view_2f, aquarium_balcony_3b, aquarium_pool_S,
          amcnicky_mini_pool_medium, uniq_psyche
D:11:     layout_loops_corners, gammafunk_ghost_spectres, uniq_maurice
D:12:     minmay_the_grid_square_5x5_3x3 [minmay_the_grid_square_5x5_minivault,
          minmay_the_grid_square_5x5_trominoes,
          minmay_the_grid_square_5x5_minibox,
          minmay_the_grid_square_5x5_detours,
          minmay_the_grid_square_5x5_megaprize_diamond,
          minmay_the_grid_square_5x5_one_wall,
          minmay_the_grid_square_5x5_bridge,
          minmay_the_grid_square_5x5_broken_cross,
          minmay_the_grid_square_5x5_sharp_hourglass], layout_basic,
          chequers_serial_rivers_marsh
Lair:1:   layout_regular_city, nicolae_lair_liquid_snakes, grunt_megastairs_4,
          serial_bayou_shore_a, uniq_harold
Lair:2:   layout_chaotic_city, nicolae_swamp_entry_spooky,
          nicolae_spider_entry_lesser_pyramids, gammafunk_ghost_cemetery,
          uniq_erica
Lair:3:   minmay_guarded_unrand_snakebite, layout_regular_city,
          pdpol_lair_cavern_descent, grunt_megastairs_5
Lair:4:   kb_forest_paths, layout_hall_layers, minmay_slime_entry_eyes

Skill      XL: |  1  2  3  4  5  6  7  8  9 10 11 12 13 14 |
---------------+-------------------------------------------+-----
Dodging        | 2 5 7 9 10 | 10.0
Stealth        | 2 |  2.2
Spellcasting   | 2 |  2.4
Fighting       | 1 3 |  3.7
Axes           | 2 5 8 12 15 16 | 16.0
Invocations    | 4 10 12 14 17 18 | 18.4
Armour         | 1 6 9 10 | 10.0
Necromancy     | 5 |  5.9

Action                     |  1- 3 |  4- 6 |  7- 9 | 10-12 | 13-15 || total
---------------------------+-------+-------+-------+-------+-------++-------
  Melee: Club              |    23 |       |       |       |       ||    23
         Mace              |    17 |    48 |       |       |       ||    65
         Hand axe          |       |   137 |   253 |   558 |   659 ||  1607
         Punch             |       |     1 |     2 |     7 |    10 ||    20
  Throw: Dart              |       |       |       |     4 |     1 ||     5
         Throwing net      |       |       |       |       |     1 ||     1
   Cast: Necrotise         |    61 |    10 |       |       |       ||    71
  Evoke: Wand              |       |       |     3 |    36 |    16 ||    55
    Use: Scroll            |       |     3 |     6 |    11 |     7 ||    27
         Potion            |       |     1 |       |       |       ||     1
   Stab: Sleeping          |       |     4 |     3 |     3 |     3 ||    13
         Distracted        |       |       |     1 |       |     1 ||     2
         Paralysed         |       |       |       |    10 |     3 ||    13
         Held in net/web   |       |       |       |       |     2 ||     2
 Armour: Robe              |    20 |       |       |       |       ||    20
         Ring mail         |     5 |    69 |    83 |     2 |       ||   159
         Troll leather arm |       |       |       |    56 |       ||    56
         Acid dragon scale |       |       |       |    52 |   196 ||   248
  Dodge: Dodged            |    51 |   108 |    75 |   241 |   425 ||   900

Table legend: (Time is in decaauts)
 A = Elapsed time spent in this place.
 B = Non-inter-level travel time spent in this place.
 C = Inter-level travel time spent in this place.
 D = Time resting spent in this place.
 E = Time spent auto-exploring this place.
 F = Levels seen in this place.
 G = Mean time per level.
                   A        B        C        D        E       F      G
               +--------+--------+--------+--------+--------+-----+--------+
         Total |  20339 |  19766 |    573 |   5573 |  10545 |  17 | 1196.4 |
       Dungeon |  13517 |  13123 |    394 |   3025 |   7887 |  12 | 1126.4 |
          Lair |   5994 |   5816 |    178 |   2041 |   2514 |   4 | 1498.5 |
         Sewer |    827 |    827 |      0 |    507 |    143 |   1 |  827.0 |
               +--------+--------+--------+--------+--------+-----+--------+

Top non-repeatable levels by time:
  Lair:3: 2018 daAuts
  Lair:2: 1663 daAuts
     D:3: 1471 daAuts
    D:11: 1327 daAuts
  Lair:1: 1325 daAuts
     D:5: 1204 daAuts
    D:10: 1204 daAuts
     D:2: 1170 daAuts
     D:8: 1143 daAuts
     D:1: 1109 daAuts
     D:7: 1091 daAuts
     D:6: 1057 daAuts
     D:9: 1042 daAuts
     D:4: 1025 daAuts
  Lair:4: 987 daAuts
